Map: At Eternity's Edge LE

Players

Harstem

  • Race: Protoss Protoss
  • League: Grandmaster
  • Spawn Location: 5:00

ratgameplay (uThermal) - Winner!

  • Race: Terran Terran
  • League: Grandmaster
  • Spawn Location: 11:00

Event: HomeStory Cup XXIX

VOD

Have the link to the VOD?

Description

Time

  • Played on: July 4, 2026, 9:21 a.m.
  • Length: 14:46

All games in this series

Show
View Real Time Build Order
Export as new Build Order

Harstem Protoss 

Build Orders: 1 Gate Expand, Phoenix Opening 

Get SALT Encoding   

  8  0:00  Probe (Chrono Boost)  
  9  0:12  Probe (Chrono Boost)  
  10  0:18  Probe (Chrono Boost)  
  11  0:26  Probe  
  12  0:31  Pylon  
  12  0:38  Probe  
  13  0:51  Probe  
  13  0:53  Gateway  
  14  1:03  Probe (Chrono Boost)  
  15  1:13  Probe (Chrono Boost)  
  15  1:18  Probe (Chrono Boost)  
  18  1:35  Nexus  
  17  1:40  Assimilator  
  17  1:50  Cybernetics Core  
  17  1:54  Probe  
  17  1:59  Assimilator  
  18  2:06  Probe  
  19  2:11  Pylon  
  19  2:19  Probe  
  20  2:26  Adept (Chrono Boost)  
  22  2:31  Probe  
  23  2:39  Warp Gate  
  23  2:44  Probe (Chrono Boost)  
  24  2:49  Probe (Chrono Boost)  
  25  2:54  Stalker  
  28  3:01  Probe x2 (Chrono Boost)  
  29  3:05  Probe (Chrono Boost)  
  29  3:07  Probe (Chrono Boost)  
  31  3:16  Probe  
  31  3:19  Probe  
  33  3:20  Gateway  
  33  3:21  Sentry  
  33  3:25  Phoenix  
  35  3:28  Probe  
  35  3:31  Probe  
  37  3:39  Nexus  
  37  3:40  Probe  
  38  3:43  Probe  
  39  3:50  Robotics Facility  
  39  3:53  Probe  
  40  3:59  Probe  
  41  4:03  Pylon  
  41  4:05  Probe  
  42  4:21  Probe x2  
  42  4:23  Stalker  
  44  4:27  Stalker  
  44  4:28  Shield Battery  
  44  4:30  Shield Battery  
  46  4:33  Probe x2  
  46  4:35  Gateway  
  48  4:38  Pylon  
  48  4:40  Stalker  
  48  4:41  Pylon  
  50  4:46  Pylon  
  50  4:51  Stalker, Probe  
  53  4:54  Cybernetics Core  
  53  4:58  Stalker  
  52  5:00  Probe  
  52  5:05  Probe  
  54  5:08  Probe, Phoenix  
  54  5:09  Assimilator  
  54  5:10  Stalker  
  54  5:12  Assimilator  
  54  5:13  Probe  
  58  5:24  Probe (Chrono Boost)  
  58  5:27  Probe (Chrono Boost)  
  61  5:28  Probe (Chrono Boost)  
  61  5:30  Pylon  
  62  5:37  Probe (Chrono Boost), Pylon  
  62  5:38  Probe (Chrono Boost), Robotics Bay  
  62  5:39  Probe (Chrono Boost)  
  62  5:40  Zealot  
  62  5:42  Probe (Chrono Boost), Zealot  
  68  5:46  Probe, Gateway  
  68  5:47  Immortal (Chrono Boost)  
  74  5:51  Probe  
  74  5:53  Probe  
  76  5:58  Probe  
  76  5:59  Zealot  
  76  6:03  Probe  
  80  6:05  Probe  
  80  6:08  Shield Battery  
  80  6:10  Probe  
  82  6:12  Twilight Council  
  82  6:15  Forge, Probe  
  84  6:18  Sentry  
  84  6:19  Observer (Chrono Boost)  
  84  6:21  Phoenix  
  84  6:22  Zealot  
  89  6:25  Assimilator  
  89  6:29  Gateway, Colossus (Chrono Boost)  
  94  6:36  Probe  
  95  6:40  Protoss Ground Weapons Level 1 (Chrono Boost)  
  95  6:41  Zealot x2  
  95  6:44  Pylon  
  95  6:46  Probe  
  100  6:49  Pylon  
  100  6:51  Pylon  
  100  6:56  Probe  
  100  6:57  Stalker  
  100  6:59  Pylon  
  103  7:02  Probe  
  103  7:04  Pylon  
  103  7:05  Blink (Chrono Boost)  
  103  7:06  Assimilator  
  103  7:07  Probe  
  105  7:08  Probe  
  105  7:12  Disruptor (Chrono Boost)  
  105  7:14  Gateway, Probe  
  112  7:24  Probe  
  112  7:27  Pylon  
  112  7:28  Forge  
  112  7:31  Stalker x2  
  116  7:37  Stalker x2  
  116  7:43  Disruptor (Chrono Boost)  
  120  7:46  Gateway  
  124  7:54  Sentry, Stalker  
  124  7:56  Photon Cannon  
  128  8:03  Protoss Ground Armor Level 1 (Chrono Boost)  
  128  8:09  Nexus, Zealot x2  
  132  8:15  Stalker  
  132  8:17  Disruptor  
  132  8:19  Stalker  
  140  8:20  Pylon  
  140  8:26  Stalker  
  142  8:27  Probe  
  142  8:29  Photon Cannon  
  143  8:34  Probe  
  143  8:35  Probe  
  143  8:36  Photon Cannon  
  143  8:37  Pylon  
  143  8:38  Protoss Ground Weapons Level 2  
  145  8:45  Probe  
  146  8:50  Pylon  
  146  8:53  Disruptor (Chrono Boost)  
  150  8:58  Stalker  
  150  8:59  Stalker x4  
  130  9:21  Stalker x5  
  130  9:22  Probe  
  121  9:26  Gateway  
  121  9:27  Gateway  
  123  9:32  Sentry  
  123  9:34  Shield Battery  
  123  9:37  Charge (Chrono Boost)  
  125  9:44  Zealot x5  
  135  9:49  Probe x4  
  139  9:53  Disruptor (Chrono Boost)  
  139  9:55  Stalker  
  138  10:09  Nexus, Sentry, Zealot  
  138  10:10  Zealot x2  
  140  10:18  Zealot x2  
  140  10:19  Disruptor (Chrono Boost)  
  140  10:24  Probe  
  141  10:34  Stalker x4  
  125  10:43  Zealot x2  
  125  10:47  Disruptor  
  132  10:53  Sentry x2  
  132  10:54  Protoss Ground Armor Level 2 (Chrono Boost)  
  132  10:56  Sentry, Zealot  
  132  10:57  Zealot  
  142  11:06  Zealot x3  
  148  11:15  Probe  
  149  11:25  Protoss Ground Weapons Level 3 (Chrono Boost)  
  135  11:42  Stalker x8  
  151  11:57  Dark Shrine  
  151  11:59  Nexus  
  151  12:00  Pylon  
  151  12:15  Pylon  
  151  12:21  Zealot x4  
  159  12:30  Extended Thermal Lance  
  159  12:31  Colossus (Chrono Boost)  
  159  12:33  Probe  
  166  12:39  Probe, Pylon  
  166  12:41  Pylon  
  159  12:54  Zealot x4  
  155  13:10  Stalker x2  
  148  13:15  Zealot x2  
  148  13:19  Zealot x4  
  142  13:25  Probe  
  91  13:35  Dark Templar  
  91  13:38  Zealot x2  
  91  13:39  Probe  
  91  13:40  Probe  
  87  13:45  Zealot x3  
  87  13:47  Probe  
  81  13:52  Probe  
  81  13:57  Probe  
  81  13:59  Probe x2  
  81  14:02  Stalker x2  
  94  14:11  Stalker x2  
  94  14:13  Stalker  
  100  14:23  Sentry  
  91  14:27  Zealot x2  
  91  14:34  Sentry  
  91  14:35  Zealot  
Show
View Real Time Build Order
Export as new Build Order

ratgameplay Terran - Winner!

Build Orders: Command Center First 

Get SALT Encoding   

  8  0:00  SCV  
  9  0:12  SCV  
  10  0:24  SCV  
  11  0:36  SCV  
  11  0:40  Supply Depot  
  12  0:48  SCV  
  13  1:02  SCV  
  14  1:14  SCV  
  15  1:23  Command Center  
  15  1:26  SCV  
  16  1:38  SCV  
  17  1:41  Barracks  
  17  1:50  SCV  
  18  1:57  Barracks  
  18  2:02  SCV  
  19  2:14  SCV  
  20  2:28  Marine, Orbital Command  
  21  2:43  Orbital Command  
  21  2:45  Marine  
  21  2:46  Marine, Bunker  
  23  2:54  Barracks  
  23  2:56  SCV  
  24  3:03  Marine  
  24  3:04  Marine  
  26  3:10  Barracks  
  26  3:12  SCV  
  27  3:13  SCV  
  27  3:19  Supply Depot  
  28  3:21  Marine  
  28  3:22  Marine  
  28  3:24  SCV  
  28  3:26  SCV  
  32  3:36  Supply Depot, SCV  
  32  3:38  SCV  
  32  3:40  Marine x2  
  36  3:41  Marine  
  37  3:48  SCV  
  37  3:49  Supply Depot  
  37  3:50  SCV  
  39  3:58  Marine x2  
  39  3:59  Marine  
  39  4:01  SCV, Marine  
  44  4:08  SCV  
  45  4:16  Marine x2  
  46  4:17  Marine  
  46  4:19  Marine  
  46  4:24  SCV  
  48  4:27  SCV  
  48  4:28  Refinery x2  
  49  4:34  Marine x2  
  49  4:35  Marine  
  49  4:36  SCV  
  49  4:37  Supply Depot, Marine  
  54  4:39  SCV  
  55  4:45  Supply Depot  
  55  4:49  SCV  
  55  4:52  Marine x2  
  58  4:55  Marine  
  58  4:56  Marine  
  57  5:01  SCV  
  57  5:04  SCV  
  57  5:05  Engineering Bay  
  59  5:10  Barracks Tech Lab  
  59  5:13  SCV  
  61  5:14  Barracks Tech Lab x2  
  61  5:17  Barracks  
  61  5:18  SCV  
  61  5:25  Barracks Reactor  
  61  5:27  SCV  
  61  5:30  SCV  
  61  5:34  Marine x2, Missile Turret, Stimpack  
  61  5:35  Marine  
  64  5:39  SCV, Refinery, Supply Depot  
  64  5:40  Refinery  
  66  5:43  SCV  
  66  5:45  Supply Depot  
  67  5:51  SCV  
  67  5:54  Marine  
  67  5:55  Marine, SCV, Factory  
  71  5:59  Supply Depot  
  71  6:03  SCV  
  72  6:05  Marine x3  
  72  6:08  Terran Infantry Weapons Level 1  
  72  6:11  SCV  
  76  6:14  Marine x3  
  76  6:15  SCV  
  76  6:17  Combat Shield  
  80  6:23  SCV  
  80  6:25  Supply Depot, Marine x2  
  83  6:26  Concussive Shells  
  83  6:28  Barracks Tech Lab  
  83  6:32  Marine x2, Marauder  
  87  6:34  Supply Depot  
  87  6:39  Starport  
  87  6:41  Factory Reactor  
  87  6:44  Supply Depot, Marine x2  
  91  6:47  Marauder  
  91  6:50  Marauder  
  91  6:53  Command Center  
  93  6:58  Marine, Marauder  
  97  7:01  SCV, Missile Turret  
  97  7:02  Marine, SCV  
  97  7:04  Marine  
  97  7:06  Supply Depot  
  97  7:08  Marine  
  101  7:13  SCV  
  101  7:15  Marauder, Supply Depot  
  104  7:16  Marine  
  104  7:19  Marine  
  104  7:20  SCV  
  107  7:23  Factory Reactor, Medivac  
  107  7:24  Medivac  
  107  7:25  SCV  
  107  7:26  Marine  
  107  7:27  Marine  
  107  7:29  Marine  
  115  7:32  SCV  
  116  7:37  Supply Depot, SCV  
  116  7:38  Marauder  
  119  7:44  SCV, Marauder  
  119  7:47  Marauder  
  119  7:49  SCV  
  125  7:53  Medivac  
  125  7:54  Medivac  
  125  7:55  Marine  
  130  8:03  Marauder x2  
  134  8:07  Starport  
  134  8:09  Marauder  
  136  8:15  SCV x2  
  136  8:17  Terran Infantry Armor Level 1  
  138  8:26  Marauder x2  
  141  8:29  Planetary Fortress  
  141  8:32  Supply Depot, Viking  
  143  8:37  Viking  
  143  8:39  Marauder  
  147  8:42  Supply Depot  
  147  8:44  Marauder  
  147  8:48  Supply Depot  
  149  8:50  Viking  
  149  8:53  SCV x2  
  147  8:56  Viking  
  142  9:05  SCV x2  
  142  9:06  Viking  
  117  9:18  Viking  
  117  9:19  Marine x2  
  117  9:20  Viking, Marauder x2, SCV  
  117  9:21  SCV, Marine  
  117  9:22  Marauder  
  132  9:37  Marine x2  
  134  9:40  Marauder  
  134  9:41  Marine, Marauder  
  134  9:43  Marine  
  140  9:55  Marine x2  
  140  9:59  Marauder  
  144  10:00  Marine  
  144  10:01  Marauder  
  136  10:22  Marine, Marauder  
  136  10:23  Marine x2  
  136  10:24  Marauder x2  
  138  10:38  Medivac  
  138  10:39  Marine  
  138  10:41  Marine  
  138  10:42  Marauder  
  144  10:43  Medivac  
  144  10:44  Marauder  
  144  10:45  Marine, Marauder  
  144  10:48  Medivac  
  153  10:57  Marine  
  153  10:59  Marine  
  153  11:02  Medivac  
  153  11:03  Marine, Marauder  
  160  11:05  Marine  
  160  11:06  Marine  
  162  11:20  Marine  
  162  11:21  Medivac  
  162  11:22  Medivac  
  162  11:23  Marine  
  162  11:24  Marine  
  160  11:26  Marine  
  160  11:29  Marine  
  154  11:34  Medivac  
  155  11:41  Marine x2, Marauder  
  155  11:43  Marauder  
  155  11:45  Marine  
  162  11:57  Supply Depot  
  162  12:00  Marine x3, Medivac  
  167  12:02  Marine  
  167  12:03  Marine x2  
  170  12:15  Supply Depot  
  170  12:19  Marine x3  
  170  12:20  Marine, Medivac  
  170  12:21  Marauder, Marine  
  177  12:37  Marine x3  
  177  12:39  Marauder, Marine  
  177  12:41  Supply Depot, Marine  
  177  12:43  Orbital Command  
  180  12:54  Marine x2  
  180  12:55  Marauder  
  180  12:57  Marauder  
  186  13:02  Marine x2  
  187  13:12  Marine x2  
  183  13:16  Marauder  
  183  13:19  Marauder, Medivac  
  167  13:20  Marine x2  
  147  13:30  Marine x2  
  147  13:32  Medivac  
  141  13:38  Marine x2, Marauder  
  141  13:40  Marine  
  141  13:41  Medivac  
  140  13:48  Marine x2  
  122  13:56  Marine, Marauder  
  122  13:57  Marine  
  122  13:58  SCV  
  122  13:59  Marauder  
  127  14:03  Missile Turret  
  127  14:06  SCV  
  127  14:10  SCV, Marine  
  127  14:18  SCV  
  127  14:20  Marine  
  127  14:22  SCV  
  127  14:23  Marine  
  128  14:24  Marauder  
  128  14:30  SCV  
  128  14:34  SCV  
Tags
 
Add a new tag
Caveats
  • Supply blocks, unpowered buildings, or Contaminate may cause inaccurate times.
  • Supply counts are checked every 10 seconds.